AoeStats
← 人类最强士兵

Lombardia

510108936Analyzed
3v3 RM · 4d ago on Sep 29, 2026· 33m 42s· 6 players
Game mode
Random Map
Map size
Normal (6 player)
Population
200
Speed
Normal
Resources
Standard
Victory
Conquest
Starting age
Dark Age
Ending age
Imperial Age
RankedLock teamsTeams togetherTeam positionsShared explorationLock speedFull tech treeHidden civsTurbo modeCheats
Victory
Defeat
🇪🇸 Mongols · Spain
1149
+11
1107
+13
🇨🇳 Spanish · China
1045
+15
🇨🇳 Goths · China
1196
-37
🇨🇳 Mongols · China
960
-32
🇨🇳 Franks · China
960
-32
古巴比伦掌管迷糊的神
11:06 Feudal Age
12:08 Feudal Age
15:59 Castle Age
13:50 Loom
16:07 Castle Age
14:04 Double-Bit Axe
14:47 Horse Collar
19:19 Bow Saw
22:47 Heavy Plow
25:39 Wheelbarrow
25:05 Gold Mining
25:52 Fletching
28:03 Husbandry
28:13 Bloodlines
28:37 Hand Cart
28:26 Stone Mining
28:23 Light Cavalry
31:44 Imperial Age
28:56 Treadmill Crane
29:25 Scale Barding Armor
29:32 Forging
30:06 Town Watch
30:51 Chain Barding Armor
32:06 Iron Casting
32:43 Stone Shaft Mining
31:48 Winged Hussar
n13s
4:16 Loom
9:46 Feudal Age
10:09 Horse Collar
10:16 Double-Bit Axe
16:16 Forging
17:05 Scale Barding Armor
18:24 Bloodlines
22:47 Castle Age
24:09 Bow Saw
24:04 Heavy Plow
26:32 Town Watch
28:02 Wheelbarrow
28:48 Husbandry
31:30 Gold Mining
33:32 Chain Barding Armor
34:15 Gold Shaft Mining
人类最强士兵
10:59 Feudal Age
12:14 Double-Bit Axe
16:59 Castle Age
16:20 Gold Mining
18:26 Bow Saw
21:14 Horse Collar
24:14 Padded Archer Armor
27:38 Leather Archer Armor
28:29 Stone Mining
29:26 Husbandry
31:07 Stone Shaft Mining
32:01 Bloodlines
34:05 Wheelbarrow
冬马和纱
3:52 Loom
12:45 Feudal Age
12:50 Feudal Age
18:53 Castle Age
18:49 Forging
20:30 Double-Bit Axe
20:28 Horse Collar
21:32 Bloodlines
24:30 Husbandry
25:06 Stone Mining
27:33 Bow Saw
28:03 Pikeman
29:40 Wheelbarrow
33:43 Padded Archer Armor
33:33 Fletching
kristopherwuckertdyhl
10:48 Feudal Age
11:25 Double-Bit Axe
14:06 Gold Mining
14:07 Stone Mining
20:06 Castle Age
23:51 Scale Barding Armor
23:57 Forging
31:18 Husbandry
32:03 Iron Casting
31:48 Chain Barding Armor
abigailbogisichca
12:03 Feudal Age
12:26 Horse Collar
12:33 Double-Bit Axe
16:25 Wheelbarrow
20:34 Castle Age
32:24 Heavy Plow
32:37 Bow Saw
32:54 Gold Mining
Connection lost

Rejoining the realm…

Still unreachable

The connection could not be restored.

Session expired

The server has moved on; the page needs a fresh start.